[ AOE2 MATCH · #477028898 ]
UnrankedBurgundians vs Gurjaras
[ REPLAY ANALYSIS · EXTRACTED FROM THE RECORDED GAME ]
Feudal
—
Castle
—
Imperial
—
| APM avg | 50.1 |
| APM peak | 12 |
| eAPM avg | 50.1 |
| Villagers / military | 3 / 0 |
Focus
⚔️ 0.0% · 🌾 100.0%
Feudal
—
Castle
—
Imperial
—
| APM avg | 100.1 |
| APM peak | 24 |
| eAPM avg | 25.0 |
| Villagers / military | 8 / 0 |
Focus
⚔️ 0.0% · 🌾 100.0%
Feudal
—
Castle
—
Imperial
—
| APM avg | 37.5 |
| APM peak | 9 |
| eAPM avg | 37.5 |
| Villagers / military | 0 / 0 |
Feudal
—
Castle
—
Imperial
—
| APM avg | 58.4 |
| APM peak | 14 |
| eAPM avg | 54.2 |
| Villagers / military | 3 / 0 |
Focus
⚔️ 0.0% · 🌾 100.0%
Feudal
—
Castle
—
Imperial
—
| APM avg | 41.7 |
| APM peak | 10 |
| eAPM avg | 41.7 |
| Villagers / military | 8 / 0 |
Focus
⚔️ 0.0% · 🌾 100.0%
Feudal
—
Castle
—
Imperial
—
| APM avg | 66.7 |
| APM peak | 16 |
| eAPM avg | 45.9 |
| Villagers / military | 0 / 0 |
Focus
⚔️ 0.0% · 🌾 100.0%
Feudal
—
Castle
—
Imperial
—
| APM avg | 54.2 |
| APM peak | 13 |
| eAPM avg | 54.2 |
| Villagers / military | 4 / 0 |
Focus
⚔️ 0.0% · 🌾 100.0%
Feudal
—
Castle
—
Imperial
—
| APM avg | 33.4 |
| APM peak | 8 |
| eAPM avg | 16.7 |
| Villagers / military | 0 / 0 |
Focus
⚔️ 0.0% · 🌾 100.0%
Match map
Initial resources + every placement click. Lines = walls · curves = elevation contours. ◆ gold · ⬟ stone · ● berries · ✦ relic · ◌ wall gap
Your base
Commander Farsight's base
2231324131's base
hurricane006's base
KamL's base
WING123456's base
帝国菜鸟's base
很蓝的啦's base
Smoothed initial terrain · ◌ = detected wall gap · hover for details
Inputs per minute
— 米兰的小歌迷 - - Commander Farsight
Build order — 米兰的小歌迷
5 actions detected in the replay
| 0:01 | Create | Villager (Male) |
| 0:02 | Create | Villager (Male) |
| 0:02 | Create | Villager (Male) |
| 0:03 | Build | House |
| 0:04 | Build | House |
Build order — Commander Farsight
4 actions detected in the replay
| 0:04 | Create | Villager (Male) ×4 |
| 0:04 | Create | Villager (Male) ×4 |
| 0:05 | Build | House |
| 0:06 | Build | House |
Build order — 2231324131
0 actions detected in the replay
Build order — hurricane006
5 actions detected in the replay
| 0:03 | Create | Villager (Male) |
| 0:03 | Create | Villager (Male) |
| 0:04 | Create | Villager (Male) |
| 0:06 | Build | House |
| 0:09 | Build | House |
Build order — KamL
3 actions detected in the replay
| 0:01 | Create | Villager (Male) ×4 |
| 0:01 | Create | Villager (Male) ×4 |
| 0:03 | Build | House |
Build order — WING123456
2 actions detected in the replay
| 0:09 | Build | House |
| 0:11 | Build | House |
Build order — 帝国菜鸟
6 actions detected in the replay
| 0:04 | Build | House |
| 0:07 | Build | House |
| 0:09 | Create | Villager (Male) |
| 0:09 | Create | Villager (Male) |
| 0:09 | Create | Villager (Male) |
| 0:10 | Create | Villager (Male) |
Build order — 很蓝的啦
0 actions detected in the replay
Match timeline
| 0:01 | 2231324131 · resign |
[ AI ANALYSIS · 1 CREDIT ]
What really happened in this match?
Wolo.gg analyzes every decision: build order, eco, micro, common mistakes by bracket. Personalized analysis on WhatsApp or Discord in 30 seconds.
Civ guide
Burgundians
Perfil
Jugador #11463550